Map: Ulrena

Players

Rex - Winner!

  • Race: Protoss Protoss
  • League: Master

WhaleTail (TooDming)

  • Race: Zerg Zerg
  • League: Master

Event: NationWars III

VOD

Have the link to the VOD?

Description

Time

  • Played on: Dec. 3, 2015, 2:13 p.m.
  • Length: 8:14
Show
View Real Time Build Order
Export as new Build Order

Rex Protoss - Winner!

Build Orders: Nexus First 

Get SALT Encoding   

  12  0:01  Probe (Chrono Boost)  
  13  0:11  Probe (Chrono Boost)  
  14  0:20  Pylon  
  14  0:22  Probe (Chrono Boost)  
  15  0:38  Probe (Chrono Boost)  
  16  0:49  Probe (Chrono Boost)  
  17  1:01  Nexus  
  18  1:04  Probe (Chrono Boost)  
  18  1:16  Gateway  
  18  1:25  Forge  
  18  1:28  Probe (Chrono Boost)  
  19  1:35  Pylon  
  19  1:39  Probe (Chrono Boost)  
  20  1:46  Pylon  
  20  1:49  Probe (Chrono Boost)  
  21  1:57  Photon Cannon  
  21  2:00  Probe (Chrono Boost)  
  22  2:05  Assimilator  
  22  2:10  Pylon  
  22  2:14  Assimilator  
  23  2:20  Pylon  
  23  2:25  Cybernetics Core  
  23  2:28  Zealot (Chrono Boost)  
  24  2:30  Probe  
  26  2:39  Pylon  
  26  2:43  Pylon  
  25  2:48  Photon Cannon  
  25  2:54  Pylon  
  25  3:02  Probe  
  25  3:11  Probe (Chrono Boost)  
  28  3:15  Pylon  
  26  3:20  Probe (Chrono Boost)  
  26  3:23  Mothership Core (Chrono Boost)  
  27  3:31  Probe (Chrono Boost), Photon Cannon  
  28  3:41  Probe (Chrono Boost)  
  28  3:54  Sentry (Chrono Boost)  
  30  4:00  Pylon  
  31  4:04  Nexus  
  31  4:06  Probe  
  31  4:10  Warp Gate  
  31  4:15  Pylon  
  31  4:21  Probe  
  31  4:23  Nexus  
  32  4:26  Sentry (Chrono Boost)  
  32  4:30  Stargate  
  34  4:33  Probe  
  35  4:45  Probe  
  38  4:57  Probe  
  37  5:00  Pylon  
  39  5:10  Probe  
  39  5:13  Oracle (Chrono Boost)  
  43  5:19  Protoss Ground Weapons Level 1 (Chrono Boost)  
  43  5:21  Robotics Facility  
  41  5:22  Probe  
  42  5:34  Probe  
  43  5:37  Gateway  
  44  5:46  Gateway  
  43  5:50  Probe  
  43  5:53  Gateway  
  44  5:58  Phoenix (Chrono Boost)  
  47  6:09  Gateway  
  47  6:10  Gateway  
  46  6:17  Probe  
  42  6:18  Warp Prism (Chrono Boost)  
  42  6:21  Probe  
  45  6:28  Assimilator  
  45  6:29  Probe  
  45  6:32  Gateway  
  46  6:35  Probe  
  46  6:36  Sentry  
  49  6:41  Probe  
  49  6:46  Assimilator  
  50  6:47  Probe, Pylon  
  51  6:59  Probe  
  51  7:00  Pylon  
  52  7:12  Observer (Chrono Boost)  
  53  7:19  Adept x2  
  53  7:20  Adept x4  
  65  7:39  Stalker x2, Probe  
  65  7:40  Stalker x3  
  76  7:51  Stalker x2  
  76  8:03  Stalker  
  76  8:05  Stalker x2  
Show
View Real Time Build Order
Export as new Build Order

WhaleTail Zerg 

Build Orders: Pool First 

Get SALT Encoding   

  12  0:01  Drone  
  13  0:14  Extractor  
  12  0:25  Spawning Pool  
  11  0:28  Drone  
  11  0:33  Drone  
  13  0:39  Drone  
  14  0:49  Overlord  
  14  1:11  Zergling x2  
  14  1:12  Zergling x2  
  14  1:16  Zergling x2  
  14  1:17  Metabolic Boost  
  17  1:24  Zergling x2  
  18  1:30  Queen  
  20  1:34  Zergling x2  
  21  1:44  Zergling x2  
  22  2:02  Hatchery  
  22  2:07  Zergling x2  
  22  2:16  Overlord  
  22  2:36  Zergling x4  
  24  2:40  Zergling x4  
  24  2:43  Zergling x4  
  25  2:53  Zergling x2  
  25  3:06  Zergling x2  
  26  3:15  Zergling x2  
  26  3:16  Zergling x2  
  27  3:23  Zergling x6  
  29  3:36  Overlord  
  28  3:45  Drone x2  
  27  3:50  Drone  
  27  3:55  Hatchery, Drone  
  28  3:59  Drone  
  28  4:07  Drone  
  28  4:17  Drone  
  28  4:20  Drone  
  28  4:21  Drone x2  
  28  4:23  Drone  
  31  4:26  Drone  
  31  4:27  Drone  
  33  4:34  Overlord  
  33  4:40  Drone x2  
  35  4:47  Drone  
  36  4:54  Drone x4  
  36  4:58  Overlord  
  36  4:59  Extractor  
  39  5:00  Drone x2  
  39  5:05  Drone  
  43  5:09  Queen  
  43  5:13  Queen  
  47  5:19  Queen  
  49  5:22  Overlord  
  49  5:25  Drone  
  49  5:27  Drone x2  
  52  5:31  Spore Crawler  
  52  5:33  Spore Crawler  
  50  5:41  Spore Crawler, Drone x3  
  52  5:43  Drone  
  52  5:45  Drone  
  52  5:47  Drone  
  52  5:48  Drone  
  56  5:53  Lair  
  56  5:58  Drone x2  
  56  6:01  Overlord  
  58  6:07  Drone  
  58  6:08  Drone x3  
  58  6:10  Drone  
  63  6:14  Drone x2  
  63  6:15  Drone  
  65  6:24  Drone x3  
  67  6:28  Overlord x2  
  67  6:33  Queen x2  
  67  6:37  Evolution Chamber  
  70  6:43  Extractor  
  70  6:44  Roach Warren  
  68  6:49  Drone x4  
  68  6:50  Drone x3  
  68  6:52  Drone x3  
  78  6:56  Overseer  
  78  6:58  Overlord x2  
  78  7:02  Extractor  
  78  7:04  Extractor  
  76  7:15  Overlord  
  76  7:16  Overlord, Queen x2  
  76  7:19  Drone x2  
  82  7:24  Roach x3  
  82  7:28  Overlord x2  
  86  7:30  Roach  
  86  7:31  Roach  
  86  7:32  Roach  
  86  7:34  Queen  
  88  7:45  Roach  
  88  7:50  Roach  
Tags
 
Add a new tag
Caveats
  • Supply blocks, unpowered buildings, or Contaminate may cause inaccurate times.
  • Supply counts are checked every 10 seconds.